 Dungeon Crawl Stone Soup version 0.17-a0-870-gcb215c1 (webtiles) character file.

1369 oplop the Magician (level 8, 0/54 HPs)
             Began as an Octopode Fire Elementalist on Apr 29, 2015.
             Was a Follower of Sif Muna.
             Slain by an orc warrior
             ... wielding a +0 battleaxe
              (21 damage)
             ... on level 7 of the Dungeon.
             The game lasted 00:12:28 (6123 turns).

oplop the Magician (Octopode Fire Elementalist)     Turns: 6123, Time: 00:12:29

Health: 0/54       AC:  1    Str:  7    XL:     8   Next: 65%
Magic:  10/17      EV: 12    Int: 19    God:    Sif Muna [*.....]
Gold:   421        SH:  0    Dex: 13    Spells: 5 memorised, 6 levels left

rFire  . . .     SeeInvis .     k - +2 dagger (drain)
rCold  . . .     Clarity  .     (no shield)
rNeg   . . .     SustAb   .     (helmet restricted)
rPois  .         Gourm    .     (no amulet)
rElec  .         Spirit   .     j - ring of flight
rCorr  .         Warding  .     (no ring)
rMut   .         Stasis   .     (no ring)
MR     .....                    (no ring)
Stlth  +++.......               (no ring)
                                (no ring)
                                (no ring)
                                (no ring)

@: very slightly contaminated, drained, not resistant to hostile enchantments,
fairly stealthy
A: almost no armour, amphibious, 8 rings, constrict 8, camouflage 1, gelatinous
body 1
a: Channel Energy, Renounce Religion, Evoke Flight


You were on level 7 of the Dungeon.
You worshipped Sif Muna.
Sif Muna was aware of your devotion.
You were not hungry.

You visited 2 branches of the dungeon, and saw 8 of its levels.

You collected 421 gold pieces.

Inventory:

Hand weapons
 k - a +2 dagger of draining (weapon)
Missiles
 m - 8 needles of confusion
 o - 113 stones (quivered)
Magical staves
 u - an uncursed staff of cold
Jewellery
 j - a ring of flight (left tentacle)
Magical devices
 c - a wand of fireball (9)
 l - a wand of heal wounds (7)
 t - a wand of slowing (45)
Scrolls
 d - 8 scrolls of identify
 p - 2 scrolls of enchant armour
 r - 2 scrolls of immolation
Potions
 e - 2 potions of curing
 g - a potion of lignification {unknown}
 h - 6 potions of heal wounds
 i - a potion of degeneration {unknown}
 n - a potion of mutation {unknown}
Books
 a - a book of Flames

   Spells                             Type                      Level
   a - Flame Tongue                   Conjuration/Fire             1
   b - Throw Flame                    Conjuration/Fire             2
   c - Conjure Flame                  Conjuration/Fire             3
   d - Inner Flame                    Hexes/Fire                   3
   e - Sticky Flame                   Conjuration/Fire             4
   f - Fireball                       Conjuration/Fire             5
Comestibles
 b - 5 bread rations
 f - 2 meat rations


   Skills:
 + Level 4.0(3.6) Fighting
 - Level 2.0(1.6) Dodging
 - Level 2.6(2.3) Stealth
 * Level 6.4(6.1) Spellcasting
 + Level 4.4(4.0) Conjurations
 + Level 5.6(5.2) Fire Magic


You had 6 spell levels left.
You knew the following spells:

 Your Spells              Type           Power        Failure   Level  Hunger
a - Flame Tongue          Conj/Fire      ###..        1%          1    None
b - Conjure Flame         Conj/Fire      ###.....     6%          3    ##.....
c - Throw Flame           Conj/Fire      ###...       2%          2    None
d - Inner Flame           Hex/Fire       ###.....     12%         3    ##.....
e - Sticky Flame          Conj/Fire      ###.....     17%         4    ####...


Dungeon Overview and Level Annotations

Branches:
Dungeon (7/15)             Temple (1/1) D:5

Altars:
Ashenzari
Cheibriados
Dithmenos
Elyvilon
Fedhas
Gozag
Kikubaaqudgha
Makhleb
Nemelex Xobeh
Okawaru
Qazlal
Ru
Sif Muna
Trog
Xom
Yredelemnul
The Shining One

Shops:
D:5 [

Annotations:
D:4 1 exclusion
D:6 exclusions: door and oklob plant


Innate Abilities, Weirdness & Mutations

You cannot wear most types of armour.
You are amphibious.
You can wear up to eight rings at the same time.
You can use your tentacles to constrict eight enemies at once.
Your skin changes colour to match your surroundings (Stealth).
Your rubbery body absorbs attacks (AC +1).


Message History

The orc warrior is moderately wounded.
The orc warrior is covered in liquid flames!
The orc warrior burns!
The orc warrior hits you with a battleaxe!!
The orc warrior burns!
The orc warrior burns!
The orc warrior burns!
Found a leather armour.
The orc warrior burns!
The orc warrior burns!
The orc warrior stops burning.
Casting: Sticky Flame
Confirm with . or Enter, or press ? or * to list all spells.
Aiming: Sticky Flame
Press: ? - help, Shift-Dir - straight line, f/p - orc warrior
Aim: an orc warrior, wielding a battleaxe, wearing a shiny chain mail and wearing a translucent bronze ring (almost dead)
You miscast Sticky Flame.
You are very lightly contaminated with residual magic.
You hear a sizzling sound.
The orc warrior hits you with a battleaxe!!
You die...

### #################..
#.......#..........
###.#.......##.###.).
#.......#.###...##...
#.@o....##.....##..
###.#.#####...#####
#[#.# ##.## #. ..#.# #.#
.. ####.# #.# #. #.#
##'## #.#####.# ##...##
#####.......# ##.....##
...
#........######.......##


You could see an orc warrior.

Vanquished Creatures
  A hippogriff (D:6)
  3 ogres
  A phantom (D:7)
  2 centaurs
  A giant frog (D:7)
  A hound (D:6)
  2 centaur skeletons
  2 orc wizards
  4 orc priests
  The ghost of ImmaFairy the Magician, a weakling FeWz of Dithmenos (D:4)
  2 jellies
  4 worker ants
  3 gnolls (D:5)
  5 adders
  A shadow imp (D:5)
  2 worms (D:3)
  23 orcs
  A bat skeleton (D:4)
  A bat zombie (D:5)
  2 giant cockroaches
  9 hobgoblins
  A ball python (D:2)
  15 bats
  3 giant geckos
  3 giant newts
  11 goblins
  A jackal zombie (D:5)
  13 kobolds
  2 quokka skeletons
  10 rats
130 creatures vanquished.

Notes
Turn   | Place    | Note
--------------------------------------------------------------
     0 | D:1      | oplop, the Octopode Fire Elementalist, began the quest for the Orb.
     0 | D:1      | Reached XP level 1. HP: 11/11 MP: 3/3
   191 | D:1      | Reached XP level 2. HP: 7/17 MP: 5/5
  1058 | D:2      | Found a blossoming altar of Fedhas.
  1118 | D:2      | Found a white marble altar of Elyvilon.
  1227 | D:2      | Found a shadowy altar of Dithmenos.
  1373 | D:2      | Found an iron altar of Okawaru.
  1378 | D:2      | Reached XP level 3. HP: 20/22 MP: 6/6
  1435 | D:2      | Found a sparkling altar of Nemelex Xobeh.
  1620 | D:2      | Found a shattered altar of Ashenzari.
  1896 | D:3      | Reached skill level 1 in Fighting
  1896 | D:3      | Reached XP level 4. HP: 12/28 MP: 5/8
  2231 | D:3      | Learned a level 3 spell: Conjure Flame
  2234 | D:3      | Learned a level 2 spell: Throw Flame
  2238 | D:3      | Learned a level 3 spell: Inner Flame
  2293 | D:3      | Reached XP level 5. HP: 33/33 MP: 8/10
  2996 | D:4      | Noticed a phantom
  3151 | D:4      | Noticed ImmaFairy's ghost (weakling FeWz)
  3160 | D:4      | Killed ImmaFairy's ghost
  3160 | D:4      | Reached skill level 4 in Fire Magic
  3259 | D:4      | Reached XP level 6. HP: 27/39 MP: 3/12
  3577 | D:4      | Found a bloodstained altar of Trog.
  3577 | D:4      | Noticed an eye of draining
  3670 | D:5      | Entered Level 5 of the Dungeon
  3901 | D:5      | Found a staircase to the Ecumenical Temple.
  3909 | D:5      | Reached XP level 7. HP: 31/45 MP: 6/13
  3925 | Temple   | Entered the Ecumenical Temple
  3932 | Temple   | Became a worshipper of Sif Muna the Loreminder
  4097 | D:5      | Learned a level 4 spell: Sticky Flame
  4207 | D:5      | Reached skill level 5 in Spellcasting
  4214 | D:5      | Found an ancient bone altar of Kikubaaqudgha.
  4386 | D:5      | Found Kakkum's Antique Armour Shoppe.
  4656 | D:6      | Found a shimmering altar of Xom.
  4982 | D:6      | Found a basalt altar of Yredelemnul.
  5301 | D:6      | Acquired Sif Muna's first power
  5301 | D:6      | Reached XP level 8. HP: 39/52 MP: 11/16
  5346 | D:6      | Noticed an oklob plant
  5423 | D:6      | Reached skill level 5 in Fire Magic
  5557 | D:6      | Reached skill level 6 in Spellcasting
  6123 | D:7      | Slain by an orc warrior

Action                   |  1- 3 |  4- 6 |  7- 9 || total
-------------------------+-------+-------+-------++-------
Melee: Unarmed           |    27 |       |       ||    27
       Dagger            |    37 |    90 |    80 ||   207
 Cast: Flame Tongue      |     8 |    15 |    34 ||    57
       Throw Flame       |       |     8 |    26 ||    34
       Sticky Flame      |       |       |    10 ||    10
       Conjure Flame     |       |       |     1 ||     1
       Inner Flame       |       |       |     1 ||     1
Evoke: Wand              |       |       |     1 ||     1
  Use: Scroll            |       |     5 |    10 ||    15
       Potion            |       |     2 |       ||     2
 Stab: Sleeping          |     7 |    10 |     6 ||    23
  Eat: Chunk             |     3 |     2 |     1 ||     6
       Pizza             |       |     1 |     2 ||     3
       Meat ration       |       |     1 |     1 ||     2
